[Event "Early-Titled-Tuesday-Blitz-March-19-2024"]
[Site "Chess.com"]
[Date "2024.03.19"]
[Round "8"]
[White "GoltsevDmitry2000"]
[Black "nabukatnezarr"]
[Result "1-0"]
[WhiteElo "2757"]
[BlackElo "2580"]
[TimeControl "180+1"]
[EndTime "9:27:17 PDT"]
[Termination "GoltsevDmitry2000 won on time"]

1. e4 e5 2. Nf3 Nc6 3. Bb5 f5 4. d4 fxe4 5. Bxc6 bxc6 6. Nxe5 Nf6 7. O-O Be7 8. Nc3 O-O 9. Bg5 Bb7 10. Qe2 d6 11. Nxc6 Bxc6 12. Qc4+ Nd5 13. Nxd5 Bxd5 14. Qxd5+ Kh8 15. Be3 Rb8 16. b3 Bf6 17. Qxe4 c5 18.
Rad1 Re8 19. Qc6 Qa5 20. dxc5 dxc5 21. Qxc5 Qxa2 22. Rd2 a5 23. Rfd1 Rbc8 24. Qf5 Rc7 25. g4 Rce7 26. g5 Bc3 27. Rd8 Qa3 28. Qf8+ 1-0

[Event "Early-Titled-Tuesday-Blitz-March-19-2024"]
[Site "Chess.com"]
[Date "2024.03.19"]
[Round "8"]
[White "missponyo10"]
[Black "NtcPou"]
[Result "1-0"]
[WhiteElo "2237"]
[BlackElo "1976"]
[TimeControl "180+1"]
[EndTime "9:27:19 PDT"]
[Termination "missponyo10 won by resignation"]

1. e4 c6 2. d4 d5 3. Nd2 dxe4 4.
Nxe4 Bf5 5. Ng3 Bg6 6. h4 h6 7. Nf3 Nd7 8. h5 Bh7 9. Bd3 Bxd3 10. Qxd3 e6 11. Bd2 Ngf6 12. O-O-O Be7 13. Ne4 O-O 14.
Rdg1 Nxe4 15. Qxe4 Nf6 16. Qe2 Qd5 17. c4 Qe4 18.
Qxe4 Nxe4 19. Be3 f5 20. Ne5 Bd6 21. f4 Ng3 22. Ng6 Rfd8 23. Rh3 Ne2+ 24. Kc2 Nxg1 25. Bxg1 Bf8 26. Kc3 Rd7 27. Bf2 Rad8 28. Ne5 Rd6 29. Rd3 Be7 30. Ng6 Bf6 31. c5 Rd5 32. Kc4 b5+ 33.
cxb6 axb6 34. Ne5 Bxe5 35. fxe5 c5 36. b3 cxd4 37. Bxd4 Kf7 38. a4 f4 39. Kc3 Rc8+ 40. Kb4 Rcd8 41. Kc3 g5 42. hxg6+ Kxg6 43. Kc4 Kf5 44. Rh3 Rxd4+ 45. Kb5 R8d5+ 46. Kxb6 Rxe5 47. a5 Rb4+ 48. Ka6 Reb5 49. Rh5+ Kg4 50. Rxb5 Rxb5 51. Kxb5 f3 52. gxf3+ Kxf3 53. a6 h5 54. a7 h4 55.
a8=Q+ Kg3 56. Qh1 h3 57. Kc4 e5 58. b4 e4 59. Qxe4 Kh2 60. b5 Kg1 61. b6 h2 62.
b7 h1=Q 63. Qxh1+ Kxh1 64. b8=Q 1-0

[Event "Early-Titled-Tuesday-Blitz-March-19-2024"]
[Site "Chess.com"]
[Date "2024.03.19"]
[Round "8"]
[White "scarabee43"]
[Black "vugarrasulov"]
[Result "1-0"]
[WhiteElo "2842"]
[BlackElo "2965"]
[TimeControl "180+1"]
[EndTime "9:27:20 PDT"]
[Termination "scarabee43 won on time"]

1. d4 Nf6 2. c4 e6 3. Nf3 c5 4. d5 exd5 5. cxd5 d6 6. Nc3 g6 7. e4 a6 8. a4 Bg4 9. Be2 Bxf3 10.
Bxf3 Bg7 11. O-O O-O 12. g3 Nbd7 13. Bg2 c4 14. Be3 Qa5 15. Qc2 Nc5 16. Ne2 Rac8 17. Nd4 Rfe8 18. Bd2 Qb6 19. a5 Qa7 20. Be3 Ng4 21.
Qxc4 Nxe3 22. fxe3 Nxe4 23. Qb4 Qc5 24. Qxb7 Nf6 25.
Nc6 Qxe3+ 26. Kh1 h5 27. Ra3 Qe2 28. Raf3 Ng4 29. Rxf7 Qxb2 30. Ne7+ Rxe7 31. Qxc8+ Kh7 32. Rxe7 1-0

[Event "Early-Titled-Tuesday-Blitz-March-19-2024"]
[Site "Chess.com"]
[Date "2024.03.19"]
[Round "8"]
[White "Alexchess1984"]
[Black "Kacparov"]
[Result "0-1"]
[WhiteElo "2762"]
[BlackElo "2918"]
[TimeControl "180+1"]
[EndTime "9:27:23 PDT"]
[Termination "Kacparov won by resignation"]

1. e4 c5 2. c3 d6 3. d4 Nf6 4. Bd3 Nc6 5. Ne2 e5 6. O-O Be7 7.
dxe5 dxe5 8. h3 O-O 9. Be3 Be6 10. Na3 Qc7 11. Ng3 Rfd8 12. Qe2 a6 13. Bc4 Bxc4 14. Nxc4 b5 15. Nd2 c4 16. Nf5 Bf8 17.
Bg5 Be7 18. Nxe7+ Qxe7 19. Nf3 h6 20. Bd2 Qd7 21. Be3 Qd3 22. Qe1 Qxe4 23. Qc1 Qf5 24. Re1 Rd3 25. a4 Rdd8 26. Bb6 Rdc8 27. axb5 axb5 28. Rxa8 Rxa8 29. Bc7 Re8 30. Qa1 Nd5 31. Bd6 Nf4 32. Re3 Qg6 33. g3 Nxh3+ 34. Kh2 Nxf2 35. Kg2 Ng4 0-1

[Event "Early-Titled-Tuesday-Blitz-March-19-2024"]
[Site "Chess.com"]
[Date "2024.03.19"]
[Round "8"]
[White "ViIIagra"]
[Black "jocmil"]
[Result "1-0"]
[WhiteElo "2933"]
[BlackElo "2768"]
[TimeControl "180+1"]
[EndTime "9:27:24 PDT"]
[Termination "ViIIagra won on time"]

1. d4 Nf6 2. Nd2 d5 3. e3 Bf5 4. Ngf3 e6 5. Be2 Bd6 6. Nh4 Be4 7. Nxe4 dxe4 8. f4 h6 9. g3 g5 10. Ng2 gxf4 11. exf4 h5 12. O-O Nc6 13. c4 Bb4 14. Be3 Ng4 15. Bxg4 hxg4 16. c5 f5 17. a3 Ba5 18. Rb1 Qf6 19. b4 Bb6 20. d5 exd5 21.
Qxd5 Rd8 22. Qc4 Rd3 23. Rfd1 Qh6 24. Rxd3 Qxh2+ 25. Kf2 exd3 26. Re1 1-0

[Event "Early-Titled-Tuesday-Blitz-March-19-2024"]
[Site "Chess.com"]
[Date "2024.03.19"]
[Round "8"]
[White "aistrel"]
[Black "vladoboch"]
[Result "1-0"]
[WhiteElo "2647"]
[BlackElo "2463"]
[TimeControl "180+1"]
[EndTime "9:27:25 PDT"]
[Termination "aistrel won by resignation"]

1. d4 Nf6 2. Nc3 d5 3. Bf4 g6 4. Qd2 Bg7 5. O-O-O c6 6. f3 b5 7. Bh6 O-O 8. h4 b4 9. Nb1 Qa5 10. h5 Qxa2 11. hxg6 fxg6 12. Bxg7 Kxg7 13. Qh6+ Kg8 14. e4 dxe4 15. fxe4 Qf7 16. Nf3 Nxe4 17. Bc4 e6 18.
Nbd2 Nf2 19. Ng5 Qg7 20. Qxg7+ Kxg7 21. Rxh7+ Kg8 22. Re1 Rf5 23. Rc7 Na6 24. Nxe6 Bxe6 25. Bxe6+ Kf8 26. Rxc6 Ra5 27. Nb3 1-0

[Event "Early-Titled-Tuesday-Blitz-March-19-2024"]
[Site "Chess.com"]
[Date "2024.03.19"]
[Round "8"]
[White "LeninGuerra"]
[Black "shirovin"]
[Result "1-0"]
[WhiteElo "2669"]
[BlackElo "2041"]
[TimeControl "180+1"]
[EndTime "9:27:28 PDT"]
[Termination "LeninGuerra won on time"]

1. e4 d6 2. d4 Nf6 3. Nd2 e5 4. Ngf3 Nbd7 5. dxe5 Nxe5 6. Nxe5 dxe5 7. Bc4 Bc5 8. c3 O-O 9. O-O c6 10. h3 b5 11. Bb3 a5 12. a4 bxa4 13. Bxa4 Ba6 14. Re1 Rc8 15. Bc2 Qb6 16. Qf3 Rfd8 17. Nf1 Rd7 18. Ng3 Rcd8 19. Nf5 Bd3 20. Bg5 Bxf2+ 21. Kh2 Bxe1 22. Rxe1 Bxc2 23. Bxf6 Rd3 24. Qg4 g6 25. Qg5 Rd1 26. Qh6 1-0

[Event "Early-Titled-Tuesday-Blitz-March-19-2024"]
[Site "Chess.com"]
[Date "2024.03.19"]
[Round "8"]
[White "Gennady_Kozlov"]
[Black "temus_galaktionov"]
[Result "0-1"]
[WhiteElo "2674"]
[BlackElo "2861"]
[TimeControl "180+1"]
[EndTime "9:27:32 PDT"]
[Termination "temus_galaktionov won by resignation"]

1. b3 c6 2. Bb2 d6 3. e3 Nd7 4. f4 Ngf6 5. Nf3 g6 6. Be2 Bg7 7.
O-O O-O 8. h4 Re8 9. d4 Ng4 10.
Qd2 e5 11. fxe5 dxe5 12. Ng5 Ndf6 13. Bxg4 Bxg4 14. dxe5 Qxd2 15. Nxd2 Nd5 16. Nxf7 Nxe3 17. Rf4 Rf8 18. Re1 Nxc2 19. Ref1 Ne3 20. Re1 Rxf7 21.
Rxf7 Kxf7 22. Rxe3 Bh6 23. Rg3 Bf5 24. Nc4 Ke6 25.
Rf3 Rf8 26. Nd6 Bb1 27. Nxb7 Rxf3 28. gxf3 Bxa2 29. Kg2 Kd5 30. Nd8 Bf8 31. e6 Be7 32. Nf7 Bxb3 33. Ng5 h6 34. Nf7 Kxe6 35. Nxh6 Bxh4 36. f4 Bd5+ 37. Kh3 Bf6 38. Ba3 Bd4 39.
Kg4 Be4 40. f5+ gxf5+ 41. Kf4 Be5+ 42. Ke3 a5 43. Ng8 a4 44. Ne7 Bd6 45. Bxd6 Kxd6 46. Nc8+ 0-1

[Event "Early-Titled-Tuesday-Blitz-March-19-2024"]
[Site "Chess.com"]
[Date "2024.03.19"]
[Round "8"]
[White "viktorgen2021"]
[Black "LuisFSiles"]
[Result "1-0"]
[WhiteElo "2473"]
[BlackElo "2293"]
[TimeControl "180+1"]
[EndTime "9:27:34 PDT"]
[Termination "viktorgen2021 won by resignation"]

1. Nf3 Nf6 2. c4 g6 3. g3 Bg7 4. Bg2 O-O 5. O-O d6 6. Nc3 Nc6 7. d4 Bf5 8. Ne1 e5 9. d5 Ne7 10. e4 Bd7 11. Nd3 Ne8 12. f4 exf4 13. gxf4 Nf6 14. e5 dxe5 15. fxe5 Ng4 16. Bf4 Bf5 17. Re1 f6 18. exf6 Bxf6 19. Ne5 Nxe5 20. Bxe5 Bh4 21.
Rf1 Bd7 22. Qd4 Nf5 23. Qe4 Qe7 24. Bxc7 Qc5+ 25. Kh1 Qxc7 26. Rxf5 Bxf5 27. Qxh4 Rae8 28. Rd1 Bc2 29. Rd2 Qf4 30. Qxf4 Rxf4 31. h3 Bf5 32. d6 Rxc4 33. Bd5+ Be6 34. Bxe6+ Rxe6 35. d7 Re1+ 36. Kh2 Re2+ 37. Nxe2 1-0

[Event "Early-Titled-Tuesday-Blitz-March-19-2024"]
[Site "Chess.com"]
[Date "2024.03.19"]
[Round "8"]
[White "ChessQueen"]
[Black "DrCeltic"]
[Result "0-1"]
[WhiteElo "2744"]
[BlackElo "2596"]
[TimeControl "180+1"]
[EndTime "9:27:35 PDT"]
[Termination "DrCeltic won by resignation"]

1. Nf3 d5 2. g3 Nf6 3. Bg2 Bf5 4. O-O e6 5. c4 c6 6. b3 Nbd7 7. Bb2 h6 8. d3 Be7 9. Nbd2 O-O 10. Qe1 a5 11. e4 Bh7 12. cxd5 cxd5 13. Rc1 Nc5 14. Bxf6 Nxd3 15. Bxe7 Qxe7 16. Qe3 Nxc1 17. Rxc1 Qa3 18. Re1 Qxa2 19. exd5 exd5 20. Nd4 Rfd8 21. N2f3 Be4 22. Bh3 Re8 23. Nd2 Bg6 24. Qxe8+ Rxe8 25. Rxe8+ Kh7 26.
N2f3 Be4 27. Rxe4 dxe4 28. Bf5+ Kg8 29. Bxe4 b5 30. Bc6 a4 31. bxa4 bxa4 32. Be8 a3 33. Nf5 Qb1+ 34. Kg2 Qxf5 0-1

[Event "Early-Titled-Tuesday-Blitz-March-19-2024"]
[Site "Chess.com"]
[Date "2024.03.19"]
[Round "8"]
[White "AttackSparrow"]
[Black "andrzej"]
[Result "1-0"]
[WhiteElo "2652"]
[BlackElo "2511"]
[TimeControl "180+1"]
[EndTime "9:27:42 PDT"]
[Termination "AttackSparrow won by checkmate"]

1. Nf3 d5 2. e3 Nf6 3. h3 e6 4. d4 Bd6 5. c4 O-O 6. Bd3 b6 7. Nc3 a6 8. O-O Bb7 9. b3 Nbd7 10. Bb2 Qe7 11. Rc1 dxc4 12. bxc4 c5 13. Qe2 e5 14.
dxe5 Nxe5 15. Nxe5 Qxe5 16. f4 Qe7 17. e4 Bc7 18. e5 Nd7 19. Nd5 Qd8 20. Rcd1 Re8 21. Bf5 Nf8 22. Qg4 Bxd5 23. cxd5 Ng6 24. d6 Bb8 25. Be4 Ra7 26. Bc6 Rf8 27. f5 Nh8 28.
Bd5 b5 29. e6 Bxd6 30. Qxg7# 1-0

[Event "Early-Titled-Tuesday-Blitz-March-19-2024"]
[Site "Chess.com"]
[Date "2024.03.19"]
[Round "8"]
[White "awesomevishesh"]
[Black "wild3000"]
[Result "1-0"]
[WhiteElo "2611"]
[BlackElo "2433"]
[TimeControl "180+1"]
[EndTime "9:27:49 PDT"]
[Termination "awesomevishesh won by resignation"]

1. c4 Nf6 2. Nf3 b6 3. g3 Bb7 4.
Bg2 g6 5. O-O Bg7 6. d4 O-O 7. Qc2 Be4 8. Qb3 Nc6 9. Qd1 Na5 10.
b3 c5 11. Nc3 Bb7 12. Bb2 cxd4 13. Qxd4 Ne4 14. Qd3 Nxc3 15. Bxc3 Bxc3 16. Qxc3 Rc8 17. Rfd1 d6 18. Qd2 Nc6 19. Qh6 f6 20. Bh3 Rb8 21. Be6+ Kh8 22. Nh4 Qe8 23. f4 Nd8 24. Nxg6+ 1-0

[Event "Early-Titled-Tuesday-Blitz-March-19-2024"]
[Site "Chess.com"]
[Date "2024.03.19"]
[Round "8"]
[White "MikeWizard"]
[Black "madmax011"]
[Result "0-1"]
[WhiteElo "2132"]
[BlackElo "2339"]
[TimeControl "180+1"]
[EndTime "9:27:54 PDT"]
[Termination "madmax011 won by resignation"]

1. d4 Nf6 2. c4 g6 3. Nc3 d5 4.
cxd5 Nxd5 5. Bd2 Bg7 6. e4 Nxc3 7. Bxc3 O-O 8. Nf3 Bg4 9. Be2 e6 10. h3 Bxf3 11. Bxf3 c5 12. dxc5 Bxc3+ 13. bxc3 Qa5 14. O-O Qxc5 15. Qb3 Qc7 16. Rab1 b6 17. Rfd1 Nc6 18. e5 Rad8 19. Qc4 Rc8 20. Rd6 Nxe5 21. Qxc7 Nxf3+ 22. gxf3 Rxc7 23. Rb3 Rfc8 24. Ra3 Kf8 25. Kg2 Ke7 26. Rd4 Rd8 27. Rda4 a5 28. Rb3 Rc6 29. Rd4 Rxd4 30. cxd4 Kd6 31. Rb5 Kc7 32. d5 Rc5 33. Rxc5+ bxc5 34.
dxe6 fxe6 35. Kf1 Kd6 36. Ke2 Kd5 37. Kd3 e5 38. Kc3 c4 39. h4 Kc5 40. a3 Kd5 41. Kd2 Kd4 42. Kc2 c3 43. a4 Kc4 44. f4 exf4 45. f3 h6 46. Kc1 Kb3 47. Kb1 Kxa4 48.
Kc2 Kb4 49. Kb1 Kb3 50. Ka1 c2 0-1

[Event "Early-Titled-Tuesday-Blitz-March-19-2024"]
[Site "Chess.com"]
[Date "2024.03.19"]
[Round "8"]
[White "Alen_Yeremyann"]
[Black "only_strong_moves"]
[Result "1-0"]
[WhiteElo "2825"]
[BlackElo "2637"]
[TimeControl "180+1"]
[EndTime "9:27:55 PDT"]
[Termination "Alen_Yeremyann won by resignation"]

1. e4 e5 2. Nf3 Nc6 3. d4 exd4 4.
Nxd4 Nf6 5. Nxc6 bxc6 6. Bd3 Bb4+ 7. Bd2 Bxd2+ 8. Nxd2 d5 9. O-O O-O 10. h3 Re8 11.
Re1 d4 12. e5 Nd5 13. Qf3 Rb8 14. Rab1 Be6 15. a3 Qg5 16. Qg3 Qxd2 17. Re4 g6 18.
Rh4 Nc3 19. Rf1 Rxb2 20. Kh2 c5 21. f4 c4 22. Bxg6 fxg6 23. f5 Bxf5 24. Rxf5 Rxc2 25. Rg5 Qd3 26. Qg4 Re7 27. Rh6 Kg7 28. Qh4 Kg8 29.
Rgxg6+ Qxg6 30. Rxg6+ hxg6 31. Qxe7 d3 32. e6 Nd5 33. Qf7+ Kh8 34. Qe8+ Kh7 35. Qd7+ Kh6 36. Qxd5 Re2 37. Qxc4 Re3 38. Qf4+ 1-0

[Event "Early-Titled-Tuesday-Blitz-March-19-2024"]
[Site "Chess.com"]
[Date "2024.03.19"]
[Round "8"]
[White "RianKapriaga"]
[Black "EternalNight8"]
[Result "1-0"]
[WhiteElo "2357"]
[BlackElo "2484"]
[TimeControl "180+1"]
[EndTime "9:28:04 PDT"]
[Termination "RianKapriaga won by resignation"]

1. d4 Nf6 2. Nf3 e6 3. e3 d5 4. Bd3 c5 5. b3 Nc6 6. Bb2 cxd4 7. exd4 Bd6 8. O-O O-O 9. a3 b6 10. Nbd2 Bb7 11. Re1 Qc7 12. Ne5 Rac8 13. Qf3 Bxe5 14.
dxe5 Nd7 15. Qh3 h6 16. Nf3 Nc5 17. Rad1 Ne7 18. Nd4 Nxd3 19. Rxd3 Ng6 20. Rg3 Qe7 21.
Bc1 Rfe8 22. Bxh6 gxh6 23. Qxh6 Qf8 24. Qg5 Qg7 25. h4 Rc7 26. h5 Bc8 27. Ree3 a6 28. Ref3 Kh8 29. Rf6 b5 30. hxg6 fxg6 31. Rh3+ Kg8 32.
Rxg6 1-0

[Event "Early-Titled-Tuesday-Blitz-March-19-2024"]
[Site "Chess.com"]
[Date "2024.03.19"]
[Round "8"]
[White "baki83"]
[Black "2KTNGO"]
[Result "0-1"]
[WhiteElo "2854"]
[BlackElo "2579"]
[TimeControl "180+1"]
[EndTime "9:28:06 PDT"]
[Termination "2KTNGO won by resignation"]

1. e4 d6 2. d4 Nf6 3. Nc3 g6 4. h3 Bg7 5. g4 c5 6. d5 O-O 7.
Bg2 Qa5 8. Ne2 b5 9. Ng3 b4 10. Nce2 Ba6 11. O-O Nbd7 12. g5 Ne8 13. f4 Rb8 14. Rf2 Qb6 15. a3 Nc7 16. Kh2 Nb5 17. axb4 cxb4 18. Rf3 Nc5 19. f5 Be5 20. Kh1 Rbc8 21. f6 e6 22. Ra2 exd5 23. exd5 b3 24. cxb3 Nc7 25. Be3 Rfe8 26. Nc1 Bb7 27. Nd3 Nxd5 28.
Bxc5 dxc5 29. Ne4 Bd4 30. Qe1 Nb4 31. Nxb4 Rxe4 0-1

[Event "Early-Titled-Tuesday-Blitz-March-19-2024"]
[Site "Chess.com"]
[Date "2024.03.19"]
[Round "8"]
[White "IMRosen"]
[Black "HajiyevKanan"]
[Result "1-0"]
[WhiteElo "2655"]
[BlackElo "2528"]
[TimeControl "180+1"]
[EndTime "9:28:06 PDT"]
[Termination "IMRosen won by resignation"]

1. d4 d5 2. Bf4 c5 3. Nc3 cxd4 4. Qxd4 Nf6 5. e4 Nc6 6. Bb5 Bd7 7.
Bxc6 Bxc6 8. e5 Ne4 9. e6 f6 10. O-O-O Qa5 11. Nge2 g5 12. Bd2 Nxd2 13. Rxd2 O-O-O 14. Ng3 Qb6 15. Nf5 Qxd4 16. Rxd4 h5 17. Rhd1 h4 18.
Nxd5 Rh7 19. Ndxe7+ Bxe7 20. Nxe7+ Rxe7 21. Rxd8+ Kc7 22. R8d6 Bxg2 23. Rd7+ Rxd7 24. Rxd7+ Kc6 25. Rf7 Kd6 26.
Rxf6 Ke7 27. Rg6 h3 28. Rxg5 Kxe6 29. Kd2 Kf6 30. f4 a6 31. b3 Bf1 32. c4 Bg2 33.
Kc3 Ke6 34. b4 Kd6 35. Kd4 Kc6 36. Rg6+ Kd7 37. f5 Ke7 38. Ke5 Kf7 39. Rb6 Ke7 40.
a4 Kd7 41. a5 Ke7 42. b5 axb5 43. cxb5 Kd7 44. a6 1-0

[Event "Early-Titled-Tuesday-Blitz-March-19-2024"]
[Site "Chess.com"]
[Date "2024.03.19"]
[Round "8"]
[White "gorgeous1083"]
[Black "Tol_Tol"]
[Result "0-1"]
[WhiteElo "2067"]
[BlackElo "2294"]
[TimeControl "180+1"]
[EndTime "9:28:08 PDT"]
[Termination "Tol_Tol won on time"]

1. d4 Nf6 2. c4 g6 3. Nc3 Bg7 4. e4 O-O 5. Nf3 d6 6. Be2 c5 7.
Be3 Ng4 8. Qd2 Nxe3 9. Qxe3 cxd4 10. Nxd4 Nc6 11. Nxc6 bxc6 12. O-O Rb8 13. Rab1 Qa5 14. Rfe1 f5 15. Bf3 f4 16. Qd3 Be6 17. Be2 Be5 18. a3 Rb3 19. Rec1 Rfb8 20. Bd1 Rxb2 21. Rxb2 Rxb2 22. Bf3 Qc5 23. Na4 Qxf2+ 24. Kh1 Rd2 25. Qb3 Bg4 26. Rg1 Bxf3 27. Qxf3 Qxf3 28. gxf3 Ra2 29. Rb1 Rxa3 30. Nb2 Rb3 0-1

[Event "Early-Titled-Tuesday-Blitz-March-19-2024"]
[Site "Chess.com"]
[Date "2024.03.19"]
[Round "8"]
[White "bescmelasti"]
[Black "Eliwood44"]
[Result "1-0"]
[WhiteElo "2668"]
[BlackElo "2528"]
[TimeControl "180+1"]
[EndTime "9:28:09 PDT"]
[Termination "bescmelasti won by resignation"]

1. e4 e5 2. Nf3 Nc6 3. Bc4 Bc5 4.
d3 Nf6 5. O-O d6 6. c3 a5 7. Re1 h6 8. Na3 O-O 9. Nc2 Be6 10.
Bxe6 fxe6 11. d4 Bb6 12. h3 Nh5 13. Be3 Nf4 14. dxe5 Bxe3 15. fxe3 Ng6 16. exd6 cxd6 17. Ncd4 Qf6 18. Qb3 Nxd4 19. cxd4 Kh7 20. Rf1 Nh4 21. Nxh4 Qxh4 22. Qxe6 Rae8 23. Qxd6 Rxf1+ 24. Rxf1 Qxe4 25. Rf3 Qb1+ 26. Kh2 Qxb2 27. Qd7 Rg8 28. a4 Qb4 29. Rf7 Qa3 30. Re7 b6 31. d5 Qc3 32. d6 Rf8 33. Qe6 Rf6 34. Qe4+ Kg8 35. d7 Qc7+ 36. Qe5 Qxe5+ 37. Rxe5 Rd6 38. Re8+ 1-0

[Event "Early-Titled-Tuesday-Blitz-March-19-2024"]
[Site "Chess.com"]
[Date "2024.03.19"]
[Round "8"]
[White "ljuks68"]
[Black "profedechess93"]
[Result "0-1"]
[WhiteElo "2452"]
[BlackElo "2642"]
[TimeControl "180+1"]
[EndTime "9:28:10 PDT"]
[Termination "profedechess93 won by resignation"]

1. e4 e6 2. d4 d5 3. Nc3 Nf6 4. Bg5 Be7 5. e5 Nfd7 6. h4 Nc6 7. Qg4 f6 8. Bf4 fxe5 9. dxe5 Ndxe5 10. Qxg7 Bf6 11.
Qg3 Qe7 12. Bb5 Bd7 13. Bxc6 Nxc6 14. Bxc7 Nd4 15. O-O-O Nf5 16. Qh2 Rc8 17. Be5 O-O 18. Nf3 b5 19. g4 Bxe5 20. Qxe5 Ng7 21. Nxd5 Qc5 22. Nf6+ Rxf6 23. Qxc5 Rxc5 24. Ng5 Bc6 25. Rhe1 Bd5 0-1

[Event "Early-Titled-Tuesday-Blitz-March-19-2024"]
[Site "Chess.com"]
[Date "2024.03.19"]
[Round "8"]
[White "Szachulec75"]
[Black "ImportedItalianMaple"]
[Result "0-1"]
[WhiteElo "2236"]
[BlackElo "2528"]
[TimeControl "180+1"]
[EndTime "9:28:10 PDT"]
[Termination "ImportedItalianMaple won by resignation"]

1. Nf3 g6 2. g3 Bg7 3. Bg2 e5 4. d3 d5 5. O-O Ne7 6. Nbd2 O-O 7.
e4 Nbc6 8. c3 h6 9. h3 Be6 10.
Qa4 Qd7 11. Kh2 Rad8 12. Re1 Rfe8 13. Nf1 f5 14. Be3 g5 15. Bc5 f4 16. Bxe7 Rxe7 17.
Ng1 Rf8 18. f3 d4 19. c4 Ref7 20. g4 h5 21. Rec1 hxg4 22. hxg4 Bxg4 23. fxg4 Qxg4 24.
Qd1 Qh4+ 25. Bh3 f3 26. Ng3 g4 27. Qf1 Bh6 28. Rc2 Bf4 29. Qf2 Rh7 30. a3 Rf6 0-1

[Event "Early-Titled-Tuesday-Blitz-March-19-2024"]
[Site "Chess.com"]
[Date "2024.03.19"]
[Round "8"]
[White "BestestBP"]
[Black "Janh4"]
[Result "1-0"]
[WhiteElo "2231"]
[BlackElo "2152"]
[TimeControl "180+1"]
[EndTime "9:28:10 PDT"]
[Termination "BestestBP won by resignation"]

1. e4 c6 2. d4 d5 3. exd5 cxd5 4. Nf3 Nc6 5. c3 Qc7 6. Be2 Bg4 7. O-O e6 8. Nbd2 Bd6 9. h3 Bh5 10. Re1 Nf6 11. Ng5 Bxe2 12. Qxe2 O-O 13. Nf1 Rfe8 14. Bd2 e5 15. dxe5 Bxe5 16. Qd3 h6 17. Nf3 Bd6 18. Ne3 Rad8 19. Nf5 Bf8 20. N3d4 Ne4 21. Nxc6 bxc6 22. Be3 Bc5 23. Bxc5 Nxc5 24. Qd4 f6 25. Qxc5 Qf4 26. Ne7+ Kh7 27. Qd4 Qd6 28. Qd3+ 1-0

[Event "Early-Titled-Tuesday-Blitz-March-19-2024"]
[Site "Chess.com"]
[Date "2024.03.19"]
[Round "8"]
[White "XDPS"]
[Black "nekotyanof"]
[Result "1-0"]
[WhiteElo "2911"]
[BlackElo "2672"]
[TimeControl "180+1"]
[EndTime "9:28:11 PDT"]
[Termination "XDPS won by resignation"]

1. d4 Nf6 2. Bf4 c5 3. e3 Qb6 4.
Nc3 e6 5. Nf3 cxd4 6. exd4 Qxb2 7. Nb5 Nd5 8. Rb1 Bb4+ 9. Bd2 Bxd2+ 10. Nxd2 Qxa2 11. Bc4 Qa5 12. Bxd5 exd5 13. Qe2+ Kf8 14. O-O Nc6 15. Rfe1 g6 16. Nd6 Kg7 17. Nf3 Rf8 18.
Ne8+ Kh8 19. Qe3 Qd8 20. Qh6 Rxe8 21. Rxe8+ Qxe8 22. Ng5 Qg8 23. Re1 f6 24. Nxh7 1-0

[Event "Early-Titled-Tuesday-Blitz-March-19-2024"]
[Site "Chess.com"]
[Date "2024.03.19"]
[Round "8"]
[White "Predator0608"]
[Black "SamCopeland"]
[Result "0-1"]
[WhiteElo "2538"]
[BlackElo "2376"]
[TimeControl "180+1"]
[EndTime "9:28:12 PDT"]
[Termination "SamCopeland won by resignation"]

1. f4 d5 2. Nf3 c5 3. g3 Nc6 4.
Bg2 g6 5. O-O Bg7 6. d3 Nf6 7.
Qe1 O-O 8. e4 dxe4 9. dxe4 Nd4 10.
Nxd4 Qxd4+ 11. Kh1 Be6 12. c3 Qd3 13. Na3 Rfd8 14.
Be3 b6 15. Rd1 Qa6 16. e5 Nd5 17. Bg1 Rac8 18. g4 Nc7 19. f5 Bd5 20. Bxd5 Rxd5 21. Qe4 Rxe5 22. Qc6 Nd5 23. Qd7 Rf8 24. fxg6 hxg6 25.
Nb5 Nf6 26. Qd3 Qb7+ 27. Rf3 Rd5 28. Qe2 Rxd1 29. Qxd1 Nxg4 0-1

[Event "Early-Titled-Tuesday-Blitz-March-19-2024"]
[Site "Chess.com"]
[Date "2024.03.19"]
[Round "8"]
[White "margarita_2703"]
[Black "MuhittinBuker"]
[Result "1-0"]
[WhiteElo "2330"]
[BlackElo "2119"]
[TimeControl "180+1"]
[EndTime "9:28:17 PDT"]
[Termination "margarita_2703 won by resignation"]

1. e4 e5 2. Nf3 Nc6 3. Bc4 Nf6 4. Ng5 d5 5. exd5 b5 6. dxc6 bxc4 7. Nc3 Bc5 8. Nge4 Nxe4 9. Nxe4 Be7 10. O-O O-O 11. b3 Qd4 12. Nc3 Bg4 13. Qe1 Bf5 14. Bb2 Bd6 15. Rc1 Rfe8 16. Qe3 Qh4 17. g3 Qh3 18. Rfe1 h5 19. Ne4 Bxe4 20. Qxe4 cxb3 21. cxb3 Rab8 22.
Qg2 Qf5 23. Re4 Rbd8 24. Rce1 f6 25. d4 Kf7 26. dxe5 Bxe5 27. Bxe5 Rxe5 28. Rxe5 fxe5 29. h4 g6 30. Qf1 Rd2 31. Qc4+ Kg7 32. Qc5 e4 33. Qc3+ Kh7 34. Qxd2 1-0

[Event "Early-Titled-Tuesday-Blitz-March-19-2024"]
[Site "Chess.com"]
[Date "2024.03.19"]
[Round "8"]
[White "Rurep26"]
[Black "Chessmissile07"]
[Result "0-1"]
[WhiteElo "2725"]
[BlackElo "2934"]
[TimeControl "180+1"]
[EndTime "9:28:18 PDT"]
[Termination "Chessmissile07 won by resignation"]

1. d4 a6 2. Bf4 d6 3. e3 g6 4. Nd2 Bg7 5. Ngf3 Nd7 6. h3 e5 7.
Bh2 Ne7 8. Bc4 O-O 9. dxe5 Nxe5 10. Nxe5 dxe5 11. c3 b5 12. Bb3 c5 13. Nf3 c4 14.
Qxd8 Rxd8 15. Bc2 f6 16. Be4 Rb8 17. Rd1 Bf5 18. Bxf5 Nxf5 19. Ke2 Kf7 20. g4 Ne7 21. g5 Ke6 22. gxf6 Bxf6 23. Nd2 Nd5 24. Ne4 Be7 25.
a3 Nb6 26. Rxd8 Rxd8 27. Rd1 Na4 28. Rxd8 Bxd8 29. Kd2 Kd5 30. f3 Nxb2 31. Nf2 h5 32. Kc2 Bh4 33. Ne4 Nd3 34. Nd2 Nf2 35. e4+ Ke6 36. a4 Nxh3 37. axb5 axb5 38. Nb1 Be7 0-1

[Event "Early-Titled-Tuesday-Blitz-March-19-2024"]
[Site "Chess.com"]
[Date "2024.03.19"]
[Round "8"]
[White "KNVB"]
[Black "yosephtaher"]
[Result "0-1"]
[WhiteElo "2817"]
[BlackElo "2962"]
[TimeControl "180+1"]
[EndTime "9:28:19 PDT"]
[Termination "yosephtaher won on time"]

1. d4 d5 2. Bf4 c5 3. e3 Nc6 4.
c3 cxd4 5. exd4 Nf6 6. Bd3 Bg4 7. Qb3 Qc8 8. Nd2 e6 9. Ngf3 Be7 10. O-O O-O 11. Rfe1 a6 12. a4 Bh5 13. Ne5 Nxe5 14.
Bxe5 Bg6 15. Bxg6 hxg6 16. g3 Qc6 17. a5 Nd7 18. Nf3 b5 19. axb6 Nxb6 20. h4 a5 21. Bf4 Bf6 22. Kg2 a4 23. Qc2 Nc4 24. Rh1 Qb5 25.
Rab1 Qb3 26. Qe2 a3 27. bxa3 Qxc3 28. h5 gxh5 29. Rxh5 g6 30. Rh6 Rxa3 31. Rbh1 Rb3 32. Bg5 Bg7 33. Rxg6 fxg6 34. Qxe6+ Rf7 35. Qe8+ Bf8 36.
Ne5 Nxe5 37. Qxe5 Qf3+ 0-1

[Event "Early-Titled-Tuesday-Blitz-March-19-2024"]
[Site "Chess.com"]
[Date "2024.03.19"]
[Round "8"]
[White "LileKoridze"]
[Black "Zavgorodniy_Sergiy"]
[Result "0-1"]
[WhiteElo "2436"]
[BlackElo "2617"]
[TimeControl "180+1"]
[EndTime "9:28:19 PDT"]
[Termination "Zavgorodniy_Sergiy won on time"]

1. d4 d5 2. c4 dxc4 3. e3 Nf6 4. Bxc4 e6 5. Nc3 a6 6. a4 c5 7. Nge2 Nc6 8. O-O cxd4 9. exd4 Nb4 10. Bg5 Be7 11.
Rc1 O-O 12. Nf4 h6 13. Bxf6 Bxf6 14. d5 exd5 15. Nfxd5 Nxd5 16. Nxd5 Bxb2 17. Rb1 Be5 18.
h3 Rb8 19. Qf3 Be6 20. Rfd1 Qg5 21. Nb6 Bf5 22. Nd7 Bxb1 23. Nxf8 Rxf8 24. Rxb1 Bf6 25. Qxb7 a5 26. Qb5 Qd2 27. Qd5 Bd4 28. Rf1 g6 29. Qe4 Kg7 30. Qf3 Qb4 31. Bb5 Rc8 32. Qe2 Rc3 33.
Qd2 Qc5 34. Qe2 Rc2 35. Qf3 h5 36. Be8 f5 37. Qb7+ Kh6 38. Qf3 Qe5 39. Qb7 Qxe8 0-1